 Dungeon Crawl Stone Soup version 0.29-a0-284-gf9362112df (webtiles) character file.

Game seed: 1606976717060855210

870 GigaChad the Chopper (level 7, -8/61 HPs)
             Began as a Minotaur Gladiator on Mar 30, 2022.
             Was an Initiate of Ashenzari.
             Killed by divine providence
             ... invoked by an orc priest
              (13 damage)
             ... on level 5 of the Dungeon.
             The game lasted 00:24:28 (2960 turns).

GigaChad the Chopper (Minotaur Gladiator)           Turns: 2960, Time: 00:24:29

Health: -8/61      AC:  8    Str: 18    XL:     7   Next: 73%
Magic:  6/6        EV: 11    Int:  7    God:    Ashenzari [......]
Gold:   169        SH:  0    Dex: 12    Spells: 6/6 levels left

rFire   . . .      SeeInvis .   a - +0 war axe (drain)
rCold   + + .      Faith    .   k - orb {light}
rNeg    . . .      Spirit   .   u - +1 scale mail {rC+}
rPois   .          Reflect  .   c - +0 hat
rElec   .          Harm     .   (no cloak)
rCorr   .          Rampage  .   (no gloves)
Will    +....                   (no boots)
Stlth   ..........              (no amulet)
HPRegen 0.20/turn               l - ring of willpower
MPRegen 0.10/turn               z - ring of protection from cold

@: glowing
A: horns 2, retaliatory headbutt
a: Renounce Religion, Curse Item


You were on level 5 of the Dungeon.
You worshipped Ashenzari.
Ashenzari was noncommittal.
You visited 1 branch of the dungeon, and saw 5 of its levels.

You collected 169 gold pieces.

Inventory:

Hand Weapons
 a - a +0 war axe of draining (weapon)
 f - a +0 hand axe
 o - a +0 short sword
 p - a +0 dagger
 r - a +0 spear
 x - a +2 whip of freezing
Missiles
 d - 5 throwing nets (quivered)
 e - a javelin
 n - 11 poisoned darts
Armour
 b - a +0 leather armour
 c - a +0 hat (worn)
 i - a +0 ring mail
 k - an orb of light (worn)
 u - a +1 scale mail of cold resistance (worn)
Magical Staves
 q - a staff of earth
Jewellery
 l - a ring of willpower (left hand)
 z - a ring of protection from cold (right hand)
Wands
 t - a wand of iceblast (6)
Scrolls
 w - a scroll of teleportation
Potions
 g - 3 potions of heal wounds {unknown}
 h - a potion of haste {unknown}
 j - 3 potions of flight
 m - a potion of degeneration
 s - 4 potions of curing
 v - a potion of invisibility {unknown}


   Skills:
 + Level 5.2 Fighting
 + Level 7.8 Axes
 + Level 2.1 Throwing
 + Level 5.1 Armour
 + Level 4.3 Dodging
 + Level 0.4 Stealth


You had 6 spell levels left.
You didn't know any spells.
Your spell library was empty.

Dungeon Overview and Level Annotations

Branches:
Dungeon (5/15)
 Temple: D:4-7

Altars:
Ashenzari
Cheibriados
Hepliaklqana
Makhleb
Nemelex Xobeh

Shops:
D:4 *

Annotations:
D:5 Grinder


Innate Abilities, Weirdness & Mutations

You have a pair of horns on your head.
You reflexively headbutt those who attack you in melee.


Message History

You hit the orc priest but do no damage.
You drain the orc priest. The orc priest misses you.
You hit the orc but do no damage. You drain the orc.
Your headbutt misses the orc.
The orc is heavily wounded.
You barely miss the orc priest.
The orc priest calls upon Beogh to heal the orc.
The orc's wounds heal themselves!
The orc priest hits you but does no damage.
The orc priest hits you but does no damage.
The orc attacks as you move away! The orc hits you with a +0 hand axe.
The orc priest mumbles some strange prayers to Beogh against you.
Beogh smites you!
The orc priest calls upon Beogh to heal the orc priest.
The orc priest's wounds heal themselves!
You slash the orc!
You kill the orc!
You completely miss the orc priest.
The orc priest invokes the aid of Beogh against you.
Beogh smites you! The orc priest barely misses you. You furiously retaliate!
You headbutt the orc priest!
The orc priest calls down the wrath of Beogh upon you.
Beogh smites you!
* * * LOW HITPOINT WARNING * * *
Things that are here:
a +0 hand axe; a +1 leather armour of willpower; an amulet of reflection You slash the orc priest!
You kill the orc priest!
You slash the orc!
You kill the orc!
You hit the orc priest but do no damage.
You drain the orc priest.
Grinder comes into view.
The orc priest hits you but does no damage.
You barely miss the orc priest.
The orc priest is almost dead.
Grinder shouts!
The orc priest mumbles some strange prayers to Beogh against you.
Beogh smites you!
You die...

######## #. ....# ###
#.##.#.# ...#.#....#
#.#......#
#........###
#.......$####<. #.#
#...@)....?5... #.#
#...o)...####.. #.##
#......### ...#
###...(# ##.#
##.....## ##..#
##.......##
#####...####.........#
...........'.........+
#####...####.........#


You could see Grinder and an orc priest (very drained).

Vanquished Creatures
  Pikel (D:4)
  A necrophage (D:4)
  A scorpion (D:3)
  A jelly (D:5)
  3 orc priests (D:5)
  2 orc wizards (D:5)
  Robin (D:3)
  A gnoll (D:1)
  4 adders
  3 dart slugs
  8 orcs
  A bat (D:1)
  5 endoplasms
  16 goblins
  7 hobgoblins
  2 jackals (D:2)
  7 kobolds
  2 quokkas
  2 ball pythons
  A frilled lizard (D:1)
  4 rats
73 creatures vanquished.

Vanquished Creatures (others)
  3 plants (D:1)
3 creatures vanquished.

Grand Total: 76 creatures vanquished

Notes
Turn   | Place    | Note
-------+----------+-------------------------------------------
     0 | D:1      | GigaChad the Minotaur Gladiator began the quest for the
                  | Orb.
     0 | D:1      | Reached XP level 1. HP: 18/18 MP: 0/0
    86 | D:1      | Found a faded altar of an unknown god.
   114 | D:1      | Reached skill level 4 in Axes
   114 | D:1      | Reached XP level 2. HP: 9/25 MP: 1/1
   760 | D:2      | Reached XP level 3. HP: 30/30 MP: 2/2
  1129 | D:2      | Reached skill level 1 in Armour
  1305 | D:3      | Reached XP level 4. HP: 38/38 MP: 3/3
  1314 | D:3      | Noticed Robin
  1325 | D:3      | Killed Robin
  1417 | D:3      | Found a broken altar of Ashenzari.
  1421 | D:3      | Found a hazy altar of Hepliaklqana.
  1424 | D:3      | Found a snail-covered altar of Cheibriados.
  1436 | D:3      | Became a worshipper of Ashenzari the Shackled
  1595 | D:3      | Found a sparkling altar of Nemelex Xobeh.
  1595 | D:3      | Found a burning altar of Makhleb.
  1761 | D:3      | Noticed a scorpion
  1768 | D:3      | Killed a scorpion
  1769 | D:3      | Reached skill level 5 in Axes
  1769 | D:3      | Reached XP level 5. HP: 36/45 MP: 4/4
  2028 | D:4      | Found Hikhluoga's General Store.
  2233 | D:4      | Noticed Pikel
  2233 | D:4      | Noticed a lemure
  2233 | D:4      | Noticed a lemure
  2234 | D:4      | Noticed a lemure
  2238 | D:4      | Noticed a lemure
  2254 | D:4      | Killed Pikel
  2255 | D:4      | Reached skill level 7 in Axes
  2255 | D:4      | Reached XP level 6. HP: 30/53 MP: 5/5
  2255 | D:4      | Reached XP level 7. HP: 34/60 MP: 6/6
  2551 | D:5      | Entered Level 5 of the Dungeon
  2678 | D:5      | Reached skill level 5 in Fighting
  2732 | D:5      | Reached skill level 5 in Armour
  2959 | D:5      | Noticed Grinder
  2960 | D:5      | Killed from afar by an orc priest

Illustrated notes

Levels and vault maps discovered:
D:1:      tarquinn_simple_flora_water_a, layout_loops_cross,
          shapermc_ecumenical_altar_totnotflames, minivault_5
D:2:      layout_loops_ring
D:3:      layout_basic, minitemple, grunt_temple_overflow_open,
          gup_sewer_entry_bubbles, minmay_ruptured, uniq_robin
D:4:      layout_basic, serial_shops, nicolae_stop_n_shop_2,
          kennysheep_generic_room_13, uniq_pikel
D:5:      layout_loops_corners, mainiacjoe_overflow_alcove_1, uniq_grinder

Skill      XL: |  1  2  3  4  5  6  7 |
---------------+----------------------+-----
Axes           | 4 5 7 |  7.8
Armour         | 1 2 4 5 |  5.1
Fighting       | 3 4 5 |  5.2
Dodging        | 4 |  4.3
Throwing       | |  2.1
Stealth        | |  0.4

Action                   |  1- 3 |  4- 6 |  7- 9 || total
-------------------------+-------+-------+-------++-------
Melee: War axe           |    53 |    47 |    30 ||   130
       Headbutt          |     8 |    10 |     9 ||    27
       Punch             |     1 |       |       ||     1
  Use: Scroll            |     5 |     5 |     1 ||    11
Armor: Leather armour    |     2 |       |       ||     2
       Ring mail         |    16 |       |       ||    16
       Scale mail        |     8 |    28 |    12 ||    48
Dodge: Dodged            |    39 |    31 |    15 ||    85

Table legend: (Time is in decaauts)
 A = Elapsed time spent in this place.
 B = Non-inter-level travel time spent in this place.
 C = Inter-level travel time spent in this place.
 D = Time resting spent in this place.
 E = Time spent auto-exploring this place.
 F = Levels seen in this place.
 G = Mean time per level.
                   A        B        C        D        E       F      G
               +--------+--------+--------+--------+--------+-----+--------+
         Total |   2989 |   2962 |     27 |      0 |      0 |   5 |  597.8 |
       Dungeon |   2989 |   2962 |     27 |      0 |      0 |   5 |  597.8 |
               +--------+--------+--------+--------+--------+-----+--------+

Top non-repeatable levels by time:
     D:3: 905 daAuts
     D:1: 627 daAuts
     D:4: 528 daAuts
     D:2: 517 daAuts
     D:5: 411 daAuts
